 Dungeon Crawl Stone Soup version 0.21.1-1-g345015fe64 (webtiles) character file.

63 Oravi the Insei (level 4, -20/32 HPs)
             Began as a Merfolk Transmuter on May 1, 2018.
             Killed from afar by a steam dragon (22 damage)
             ... with a ball of steam
             ... on level 2 of the Dungeon.
             The game lasted 00:05:32 (1984 turns).

Oravi the Insei (Merfolk Transmuter)                Turns: 1984, Time: 00:05:33

Health: -20/32     AC:  2    Str: 10    XL:     4   Next: 10%
Magic:  1/7        EV: 21    Int: 13    God:
Gold:   33         SH:  0    Dex: 19    Spells: 1/7 levels left

rFire    . . .     SeeInvis .     - Unarmed
rCold    . . .     Gourm    .   (shield currently unavailable)
rNeg     . . .     Faith    .   (armour currently unavailable)
rPois    x         Spirit   .   (helmet currently unavailable)
rElec    .         Reflect  .   (cloak currently unavailable)
rCorr    .         Harm     .   (gloves currently unavailable)
MR       .....                  (boots currently unavailable)
Stlth    ++........             (no amulet)
HPRegen  0.10/turn              (no ring)
MPRegen  0.10/turn              (no ring)

@: spider-form
A: tiny, (change form in water), (swift swim), (stealthy swim)
a: End Transformation


You were on level 2 of the Dungeon.
You were not hungry.
You were a venomous arachnid creature.
You visited 1 branch of the dungeon, and saw 2 of its levels.

You collected 33 gold pieces.

Inventory:

Missiles
 a - 10 arrows
 e - 118 stones (quivered)
Armour
 b - a +0 robe (melded)
 p - a +0 cloak (melded)
Wands
 n - a wand of flame (17)
Scrolls
 f - a scroll of blinking {unknown}
 g - 2 scrolls of magic mapping {unknown}
 k - a scroll of noise {unknown}
 l - 2 scrolls of teleportation {unknown}
 m - 2 scrolls of identify {unknown}
Potions
 h - 2 potions of agility {unknown}
 i - a potion of ambrosia {unknown}
 j - 2 potions of might {unknown}
Books
 c - a book of Changes

   Spells                             Type                      Level
   a - Beastly Appendage              Transmutation                1
   b - Sticks to Snakes               Transmutation                2
   c - Spider Form                    Transmutation/Poison         3
   d - Ice Form                       Ice/Transmutation            4
   e - Blade Hands                    Transmutation                5
Comestibles
 d - 3 rations


   Skills:
 - Level 1.1 Fighting
 - Level 2.6 Dodging
 + Level 4.3 Unarmed Combat
 - Level 2.0 Spellcasting
 + Level 4.2 Transmutations
 + Level 1.1 Poison Magic


You had one spell level left.
You knew the following spells:

 Your Spells              Type           Power        Failure   Level  Hunger
a - Beastly Appendage     Tmut           ##....       13%         1    ##.....
b - Sticks to Snakes      Tmut           ##......     19%         2    ###....
c - Spider Form           Tmut/Pois      #.........   47%         3    ####...


Dungeon Overview and Level Annotations

Branches:
Dungeon (2/15)

Altars:

Annotations:
D:2 Sigmund


Message History

* * * LOW HITPOINT WARNING * * *
The steam dragon completely misses you.
Your adder barely misses the steam dragon.
You hit the steam dragon.
The steam dragon is poisoned.
The steam dragon is lightly wounded.
The steam dragon barely misses you. The steam dragon claws you.
* * * LOW HITPOINT WARNING * * *
Your adder bites the steam dragon but does no damage.
You hit the steam dragon.
The steam dragon is moderately wounded.
Your adder bites the steam dragon but does no damage.
The steam dragon misses you. The steam dragon closely misses you.
You hit the steam dragon.
The steam dragon looks as sick as possible!
The steam dragon is moderately wounded.
Your adder bites the steam dragon but does no damage.
The steam dragon breathes steam at you. The ball of steam hits you!
Ouch! That really hurt!
You die...

..................###########....
.................................
..##.....###............#####....
..........^.............+........
.####...####............#####....
## #...# #.....................
#...# #..............###.#..
#...####....D...§...#.###.#..
######......sS......#........
#..............#####.##.
#....#.######..# #.##. #)...#.#
#..# #.##. #....#.# #...# #.##.
#(D..#.# #.#.# #.##. #(...#.#
#.#..###.### .....#<#
#..........÷ ......###
###.###.###


You could see a steam dragon and a friendly adder.

Vanquished Creatures
  2 adders (D:2)
  2 oozes
  A dart slug (D:1)
  4 bats
  2 giant cockroaches (D:1)
  4 goblins
  3 hobgoblins
  4 jackals
  5 kobolds (D:1)
  A quokka (D:2)
  A frilled lizard (D:2)
  3 rats
32 creatures vanquished.

Vanquished Creatures (others)
  A frilled lizard (D:2)
1 creature vanquished.

Grand Total: 33 creatures vanquished

Notes
Turn   | Place    | Note
-------+----------+-------------------------------------------
     0 | D:1      | Oravi the Merfolk Transmuter began the quest for the Orb.
     0 | D:1      | Reached XP level 1. HP: 15/15 MP: 3/3
    82 | D:1      | Reached XP level 2. HP: 18/21 MP: 3/5
    86 | D:1      | Learned a level 2 spell: Sticks to Snakes
   720 | D:1      | Reached XP level 3. HP: 25/26 MP: 4/6
  1131 | D:1      | Learned a level 3 spell: Spider Form
  1485 | D:2      | Reached skill level 1 in Poison Magic
  1494 | D:2      | Reached XP level 4. HP: 18/32 MP: 4/7
  1846 | D:2      | Noticed a steam dragon
  1921 | D:2      | Noticed Sigmund
  1984 | D:2      | Killed from afar by a steam dragon

Skill      XL: |  1  2  3 |
---------------+----------+-----
Transmutations | 3 4 |  4.2
Unarmed Combat | 4 |  4.3
Poison Magic   | 1 |  1.1
Fighting       | |  1.1
Dodging        | |  2.6
Spellcasting   | |  2.0

Action                   |  1- 3 |  4- 6 || total
-------------------------+-------+-------++-------
Melee: Unarmed           |    77 |    11 ||    88
       Headbutt          |     5 |     2 ||     7
       Punch             |     1 |       ||     1
Throw: Stone             |    17 |    29 ||    46
 Cast: Beastly Appendage |    13 |     2 ||    15
       Spider Form       |     2 |     1 ||     3
       Sticks to Snakes  |       |     2 ||     2
 Stab: Sleeping          |     1 |       ||     1
  Eat: Chunk             |     2 |     2 ||     4
Armor: Robe              |    12 |     6 ||    18
Dodge: Dodged            |    58 |    37 ||    95
